 Dungeon Crawl Stone Soup version 0.30.1-4-g462c640d31 (webtiles) character file.

Game seed: 3534467043898965254

4225 spardeous the Thaumaturge (level 9, -5/62 HPs)
             Began as a Demigod Conjurer on Aug 14, 2023.
             Shot with an arrow by a centaur (12 damage)
             ... on level 10 of the Dungeon.
             The game lasted 00:08:42 (8047 turns).

spardeous the Thaumaturge (Demigod Conjurer)        Turns: 8047, Time: 00:08:43

Health: -5/62      AC:  7    Str: 18    XL:     9   Next: 83%
Magic:  10/26      EV: 11    Int: 31    God:
Gold:   355        SH:  0    Dex: 12    Spells: 19/26 levels left

rFire   . . .        w - staff of cold "Xoast" {rC+ Int+3}
rCold   + . .        (no shield)
rNeg    + . .        j - +0 leather armour {rPois}
rPois   +            (no helmet)
rElec   .            (no cloak)
rCorr   .            n - +2 pair of gloves
SInv    .            k - +0 pair of boots
Will    .....        (no amulet)
Stlth   ++           x - +6 ring of strength
HPRegen 0.30/turn    v - ring of positive energy
MPRegen 0.20/turn

%: no passive effects
@: no status effects
A: high MP 1, forlorn, divine attributes
a: no special abilities


You were on level 10 of the Dungeon.
You visited 1 branch of the dungeon, and saw 8 of its levels.

You collected 355 gold pieces.

Inventory:

Missiles
 y - 2 throwing nets
Armour
 a - a +0 robe
 j - a +0 leather armour of poison resistance (worn)
 k - a +0 pair of boots (worn)
 n - a +2 pair of gloves (worn)
Magical Staves
 w - the staff of cold "Xoast" (weapon) {rC+ Int+3}
   (You found it on level 3 of the Dungeon)

   [staff of cold]

   Base accuracy: +5 Base damage: 5 Base attack delay: 1.2 This weapon's minimum
   attack delay (0.6) is reached at skill level 12.
   Int:       It affects your intelligence (+3).
   rC:        It protects you from cold.
   It falls into the 'Staves' category.
   It is a one-handed weapon.
Jewellery
 f - a ring of poison resistance
 p - a ring of resist corrosion
 v - a ring of positive energy (right hand)
 x - a +6 ring of strength (left hand)
Wands
 F - a wand of charming (6)
 H - a wand of polymorph (8)
 J - a wand of digging (1)
Scrolls
 c - a scroll of fog {unknown}
 d - 4 scrolls of poison {unknown}
 h - a scroll of noise {unknown}
 i - a scroll of torment
 l - 4 scrolls of teleportation {unknown}
 q - a scroll of fear
 s - 2 scrolls of vulnerability {unknown}
 t - a scroll of blinking
 A - a scroll of enchant armour
 C - a scroll of butterflies {unknown}
 K - a scroll of immolation {unknown}
Potions
 b - a potion of magic
 e - 3 potions of curing
 m - a potion of ambrosia
 o - a potion of cancellation
 r - a potion of lignification
 u - 2 potions of haste {unknown}
 z - 2 potions of brilliance {unknown}
 B - 4 potions of degeneration {unknown}
 D - 2 potions of mutation {unknown}
 E - 2 potions of flight {unknown}
 G - a potion of heal wounds
 I - a potion of might


   Skills:
 - Level 1.7 Dodging
 - Level 1.7 Stealth
 + Level 9.0 Spellcasting
 - Level 6.6 Conjurations
 - Level 7.6 Translocations


You had 19 spell levels left.
You knew the following spells:

 Your Spells              Type           Power      Damage    Failure   Level
a - Magic Dart            Conj           100%       1d8       1%          1
b - Searing Ray           Conj           100%       2d8       1%          2
c - Iskenderun's Mystic   Conj/Tloc      55%        2d12      2%          4

Your spell library contained the following spells:

 Spells                   Type           Power      Damage    Failure   Level
 Portal Projectile        Hex/Tloc       74%        N/A       2%          3
 Dazzling Flash           Conj/Hex       68%        N/A       3%          3
 Beastly Appendage        Tmut           26%        N/A       4%          1
 Wereblood                Tmut           13%        N/A       6%          2
 Fulminant Prism          Conj/Hex       17%        3d11      11%         4
 Spider Form              Tmut/Pois      13%        N/A       13%         3
 Tukima's Dance           Hex            13%        N/A       13%         3
 Animate Dead             Necr           13%        N/A       38%         4
 Blade Hands              Tmut           6%         N/A       75%         5
 Haunt                    Necr/Summ      6%         N/A       100%        7
 Infestation              Necr           6%         N/A       100%        8


Dungeon Overview and Level Annotations

Branches:
Dungeon (7/15)             Temple (0/1) D:7             Orc (0/2) D:10

Shops:
D:6 (

Portals:
Trove: D:10 (give 3 potions of resistance)


Innate Abilities, Weirdness & Mutations

You have an increased reservoir of magic. (+10% MP)
You shall have no god before yourself.
Your divine heritage dramatically boosts your attributes as you level up.


Message History

The orc is almost dead.
You now have 7/26 mp.
Casting: Magic Dart (safe; 1% risk of failure)
Confirm with . or Enter, or press ? or * to list all spells.
Aiming: Magic Dart (safe; 1% risk of failure)
Press: ? - help, Shift-Dir - straight line, f/p - orc
Aim: an orc, wielding a +0 war axe (almost dead, 100% to hit)
The magic dart hits the orc.
You kill the orc!
Your Spellcasting skill increases to level 9!
You now have 6/26 mp.
You start resting.
A centaur comes into view. It is wielding a staff of earth.
The centaur wields a +0 shortbow.
The centaur shoots an arrow.
The arrow hits you!
You take 10 damage, and have 42/62 hp.
You regained 2 mp, and now have 8/26 mp.
The centaur shoots an arrow.
The arrow hits you.
The centaur shoots an arrow.
The arrow hits you!
You take 10 damage, and have 32/62 hp.
The centaur shoots an arrow.
The arrow hits you!
* * * LOW HITPOINT WARNING * * *
You take 8 damage, and have 24/62 hp.
Okay, then.
Okay, then.
The centaur shoots an arrow.
The arrow misses you.
The centaur shoots an arrow.
The arrow barely misses you.
The centaur shoots an arrow.
The arrow hits you!
* * * LOW HITPOINT WARNING * * *
The centaur shoots an arrow.
The arrow closely misses you.
You hear a shout!
You take 7 damage, and have 18/62 hp.
You hear a shout!
The centaur shoots an arrow.
The arrow hits you.
* * * LOW HITPOINT WARNING * * *
You take 5 damage, and have 13/62 hp.
The centaur shoots an arrow.
The arrow hits you!
* * * LOW HITPOINT WARNING * * *
The centaur shoots an arrow.
The arrow hits you!
You die...

#...).#....#.....#W##.{#
#.....#....#......#.W#
#.....'....#.....#.##..#
#.....######.....#.# .#
#.........###'##.##. g#
#.........#.......##. #
#.........#g.......##.
#.........#.........###
#........@#.......#.#
#.........#.......#.#
#.........c.......#.#
#.........#.......#.#
#.........#.........#
#.........#......##.######
#....###..#.......#.......
#....# #..#.......#.......
#....###..#.......#.......


You could see a centaur.

Vanquished Creatures
  A kobold demonologist (D:10)
  2 trolls (D:10)
  A hornet (D:10)
  Grinder (D:6)
  A wraith (D:10)
  2 black bears
  3 orc warriors (D:10)
  3 sky beasts (D:7)
  5 ogres
  A phantom (D:5)
  2 bullfrogs
  A gnoll sergeant (D:10)
  6 kobold brigands
  2 scorpions
  4 wights (D:7)
  5 hounds
  A jelly (D:4)
  6 orc priests
  A sleepcap (D:6)
  A gnoll bouda (D:6)
  3 iguanas
  4 orc wizards
  Natasha (thrice) (D:3)
  5 adders
  6 gnolls
  2 ufetubi
  2 worms (D:2)
  A dart slug (D:3)
  29 orcs
  3 endoplasms
  6 giant cockroaches
  4 hobgoblins
  6 kobolds
  A quokka (D:4)
  2 ball pythons (D:4)
  6 bats
  4 frilled lizards
  8 goblins
  A rat (D:2)
145 creatures vanquished.

Notes
Turn   | Place    | Note
-------+----------+-------------------------------------------
     0 | D:1      | spardeous the Demigod Conjurer began the quest for the Orb.
     0 | D:1      | Reached XP level 1. HP: 14/14 MP: 5/5
   201 | D:1      | Reached skill level 2 in Spellcasting
   519 | D:1      | Reached XP level 2. HP: 20/20 MP: 3/7
  1053 | D:2      | Learned a level 2 spell: Searing Ray
  1682 | D:2      | Reached XP level 3. HP: 26/26 MP: 6/9
  2090 | D:3      | Noticed Natasha
  2096 | D:3      | Killed Natasha
  2132 | D:3      | Noticed Natasha
  2137 | D:3      | Killed Natasha
  2138 | D:3      | Reached skill level 3 in Spellcasting
  2138 | D:3      | Reached XP level 4. HP: 33/33 MP: 5/11
  2230 | D:3      | Learned a level 4 spell: Iskenderun's Mystic Blast
  2328 | D:3      | Identified the staff of cold "Xoast" {rC+ Int+3}
  2575 | D:3      | Noticed Natasha
  2579 | D:3      | Killed Natasha
  3102 | D:4      | Reached XP level 5. HP: 35/38 MP: 6/13
  3267 | D:4      | Noticed a black bear
  3280 | D:4      | Killed a black bear
  3281 | D:4      | Reached skill level 5 in Conjurations
  3449 | D:4      | Reached skill level 4 in Spellcasting
  3499 | D:4      | Reached XP level 6. HP: 44/45 MP: 7/15
  4056 | D:5      | Entered Level 5 of the Dungeon
  4537 | D:5      | Reached XP level 7. HP: 50/50 MP: 10/17
  4639 | D:5      | Reached skill level 5 in Spellcasting
  5285 | D:6      | Reached skill level 1 in Translocations
  5688 | D:6      | Noticed Grinder
  5696 | D:6      | Paralysed by Grinder for 2 turns
  5699 | D:6      | Killed Grinder
  5700 | D:6      | Reached XP level 8. HP: 57/57 MP: 3/19
  5861 | D:6      | Found Bomad's Weapon Shop.
  6219 | D:7      | Reached skill level 5 in Translocations
  6962 | D:7      | Found a staircase to the Ecumenical Temple.
  7248 | D:7      | You fall into a shaft and drop 3 floors!
  7248 | D:10     | Entered Level 10 of the Dungeon
  7251 | D:10     | Noticed a hornet
  7267 | D:10     | Killed a hornet
  7268 | D:10     | Reached XP level 9. HP: 62/62 MP: 7/21
  7383 | D:10     | Found a portal to a secret trove of treasure.
  7429 | D:10     | Noticed a kobold demonologist
  7443 | D:10     | Killed a kobold demonologist
  7444 | D:10     | Reached skill level 6 in Spellcasting
  7533 | D:10     | Found a staircase to the Orcish Mines.
  7536 | D:10     | Reached skill level 7 in Spellcasting
  7582 | D:10     | Reached skill level 8 in Spellcasting
  8030 | D:10     | Reached skill level 9 in Spellcasting
  8047 | D:10     | Shot with an arrow by a centaur

Illustrated notes

Levels and vault maps discovered:
D:1:      dpeg_arrival_pits, layout_loops_ring,
          ebering_ecumenical_altar_abandoned, hangedman_decor_points
D:2:      layout_basic
D:3:      layout_loops_ring, nicolae_ru_awakened_eye, uniq_natasha
D:4:      layout_basic
D:5:      layout_gridville, mainiacjoe_overflow_cross_hatched
D:6:      layout_basic, pdpol_temple_overflow_zin_treasury_gozag_greed,
          nicolae_take_the_stairs, nicolae_kite_square_tiling_tiny, uniq_grinder
D:7:      layout_cave_pods, worldfamousw_hep_ancestral_shrine,
          minmay_temple_entry_overgrown, st_stairs_8
D:10:     minmay_the_grid_octo_tiled_squarecenter
          [minmay_the_grid_octo_thin_diamonds,
          minmay_the_grid_octo_checkerflower, minmay_the_grid_octo_chip,
          minmay_the_grid_octo_fat_diamond,
          minmay_the_grid_square_5x5_megaprize_open,
          minmay_the_grid_square_5x5_n_small,
          minmay_the_grid_square_5x5_eight_small,
          minmay_the_grid_square_5x5_broken_cross,
          minmay_the_grid_square_5x5_misaligned], layout_stronghold,
          tso_oasis_becter, amcnicky_altar_gilded,
          kennysheep_orc_monster_closet_entryway, nicolae_trove_entry_crossroad,
          gammafunk_ghost_hydra_chop, uniq_psyche

Skill      XL: |  1  2  3  4  5  6  7  8  9 |
---------------+----------------------------+-----
Spellcasting   | 2 3 4 5 9 |  9.0
Conjurations   | 4 5 6 |  6.6
Translocations | 4 7 |  7.6
Dodging        | |  1.7
Stealth        | |  1.7

Action                     |  1- 3 |  4- 6 |  7- 9 || total
---------------------------+-------+-------+-------++-------
  Melee: Staff             |       |     3 |     1 ||     4
   Cast: Magic Dart        |    59 |    79 |    35 ||   173
         Searing Ray       |     8 |    11 |    43 ||    62
         Iskenderun's Myst |       |       |    28 ||    28
    Use: Scroll            |       |       |    10 ||    10
         Potion            |       |       |     2 ||     2
 Armour: Leather armour    |     1 |     9 |    18 ||    28
  Dodge: Dodged            |     8 |    13 |    32 ||    53
